 Dungeon Crawl Stone Soup version 0.28.0-45-g0d030f2227 (webtiles) character file.

Game seed: 483500024977776108

89 Saba the Bolt Thrower (level 4, 0/28 HPs)
             Began as a Gargoyle Hunter on Apr 3, 2022.
             Slain by a gnoll
             ... wielding a +0 halberd
              (6 damage)
             ... on level 3 of the Dungeon.
             The game lasted 00:01:59 (1801 turns).

Saba the Bolt Thrower (Gargoyle Hunter)             Turns: 1801, Time: 00:02:00

Health: 0/28       AC: 12    Str: 18    XL:     4   Next: 55%
Magic:  4/4        EV:  7    Int: 11    God:
Gold:   56         SH:  0    Dex: 10    Spells: 3/3 levels left

rFire   . . .      SeeInvis .   a - +1 hand crossbow
rCold   . . .      Faith    .   (no shield)
rNeg    + . .      Spirit   .   g - +0 chain mail
rPois   ∞          Reflect  .   (no helmet)
rElec   +          Harm     .   (no cloak)
rCorr   .          Rampage  .   (no gloves)
Will    .....                   (no boots)
Stlth   ..........              (no amulet)
HPRegen 0.09/turn               (no ring)
MPRegen 0.09/turn               (no ring)

@: no status effects
A: sickness immunity, AC +3, negative energy resistance 1, electricity
resistance, torment resistance 1, petrification resistance
a: no special abilities


You were on level 3 of the Dungeon.
You visited 1 branch of the dungeon, and saw 3 of its levels.

You collected 56 gold pieces.

Inventory:

Hand Weapons
 a - a +1 hand crossbow (weapon)
 b - a +0 short sword
Missiles
 d - 6 bolts (quivered ammo)
Armour
 g - a +0 chain mail (worn)
Scrolls
 e - 2 scrolls of fog {unknown}
 f - 2 scrolls of identify {unknown}
 h - 5 scrolls of teleportation {unknown}
 i - a scroll of holy word {unknown}
 j - a scroll of noise {unknown}
 k - a scroll of torment {unknown}
 l - 2 scrolls of blinking {unknown}
 m - a scroll of magic mapping {unknown}
Potions
 c - a potion of mutation {unknown}


   Skills:
 + Level 3.1 Fighting
 + Level 4.4 Crossbows
 + Level 2.0 Armour
 + Level 2.3 Dodging
 - Level 1.1 Stealth


You had 3 spell levels left.
You didn't know any spells.
Your spell library was empty.

Dungeon Overview and Level Annotations

Branches:
Dungeon (3/15)

Altars:

Shops:
D:3 [


Innate Abilities, Weirdness & Mutations

You are immune to sickness and miasma.
Your stone body is resilient. (AC +3)
You are immune to poison.
You resist negative energy. (rN+)
You are resistant to electric shocks. (rElec)
You are resistant to unholy torment.
You are immune to petrification.


Message History

You are held in a net!
You are held in a net!
Unknown command.
You tear a large gash into the net.
The gnoll hits you from afar with a +0 halberd.
You shred the net and break free!
The gnoll hits you from afar with a +0 halberd!
Fire: 11 bolts
Press: ? - help, Q - select action Shift-Dir - straight line, f - gnoll
Aim: a gnoll, wielding a +0 halberd (68% to hit)
You shoot a bolt. The bolt hits the gnoll.
The gnoll is moderately wounded.
The gnoll closely misses you.
Fire: 10 bolts
Press: ? - help, Q - select action Shift-Dir - straight line, f/p - gnoll
Aim: a gnoll, wielding a +0 halberd (moderately wounded, 68% to hit)
You shoot a bolt. The bolt closely misses the gnoll.
The gnoll completely misses you.
Unknown command.
Fire: 9 bolts
Press: ? - help, Q - select action Shift-Dir - straight line, f/p - gnoll
Aim: a gnoll, wielding a +0 halberd (lightly wounded, 68% to hit)
You shoot a bolt. The bolt barely misses the gnoll.
The gnoll hits you but does no damage.
Fire: 8 bolts
Press: ? - help, Q - select action Shift-Dir - straight line, f/p - gnoll
Aim: a gnoll, wielding a +0 halberd (lightly wounded, 68% to hit)
You shoot a bolt. The bolt hits the gnoll!
The gnoll is severely wounded.
The gnoll hits you from afar with a +0 halberd!
* * * LOW HITPOINT WARNING * * *
The gnoll hits you but does no damage.
Fire: 7 bolts
Press: ? - help, Q - select action Shift-Dir - straight line, f/p - gnoll
Aim: a gnoll, wielding a +0 halberd (severely wounded, 68% to hit)
You shoot a bolt.
The bolt hits the gnoll but does no damage.
The gnoll is severely wounded.
The gnoll hits you from afar with a +0 halberd.
You die...

#.# #>......# #
#∩# #.#####†#
#.####.###.#####.#
#..<........=....#
#.###.####.#######
# #.# #.# #.# #.#
#.# #.# #.# #@#
#.# #)# #.# #g#
... ##(## #.# #.#
.(# ###


You could see a gnoll.

Vanquished Creatures
  A gnoll shaman (D:3)
  An adder (D:2)
  2 gnolls (D:3)
  5 ball pythons
  2 bats (D:1)
  4 endoplasms
  3 giant cockroaches
  3 goblins
  A hobgoblin (D:2)
  2 quokkas
  2 frilled lizards
  4 kobolds (D:1)
  2 rats
32 creatures vanquished.

Notes
Turn   | Place    | Note
-------+----------+-------------------------------------------
     0 | D:1      | Saba the Gargoyle Hunter began the quest for the Orb.
     0 | D:1      | Reached XP level 1. HP: 12/12 MP: 1/1
   321 | D:1      | Reached XP level 2. HP: 18/18 MP: 2/2
   463 | D:1      | Found a faded altar of an unknown god.
   791 | D:1      | Reached skill level 1 in Armour
   986 | D:2      | Reached XP level 3. HP: 18/22 MP: 3/3
  1655 | D:3      | Found Feqaf's Armour Emporium.
  1793 | D:3      | Reached XP level 4. HP: 25/28 MP: 4/4
  1801 | D:3      | Slain by a gnoll

Illustrated notes

Levels and vault maps discovered:
D:1:      minmay_arrival_checkered_box, layout_loops_ring,
          basic_ecumenical_altar, minmay_pentomino_r2
D:2:      layout_loops_ring, st_stairs_1
D:3:      layout_loops_ring, serial_shops, shop, chequers_serial_rivers_large_a,
          grunt_ministairs_3, mrwooster_statue_mirror, kennysheep_generic_room_3

Skill      XL: |  1  2  3  4 |
---------------+-------------+-----
Armour         | 1 2 |  2.0
Dodging        | 2 |  2.3
Fighting       | 3 |  3.1
Crossbows      | |  4.4
Stealth        | |  1.1

Action                   |  1- 3 |  4- 6 || total
-------------------------+-------+-------++-------
Melee: Short sword       |   111 |       ||   111
       Punch             |     3 |       ||     3
 Fire: Hand crossbow     |     7 |     7 ||    14
 Stab: Sleeping          |     1 |       ||     1
Armor: Leather armour    |     7 |       ||     7
       Chain mail        |    66 |     4 ||    70
Dodge: Dodged            |    41 |     2 ||    43
